 Dungeon Sprint DCSS version 0.21-a0-26-g7b23a2f (webtiles) character file.

162 poirepourri the Covert (level 5, -11/36 HPs)
             Began as a Spriggan Enchanter on May 25, 2017.
             Was a Priest of Dithmenos.
             Killed from afar by a battlesphere (14 damage)
             ... created by a deep elf mage
             ... in the Dungeon (Sprint VII: "The Pits").
             The game lasted 00:01:08 (474 turns).

poirepourri the Covert (Spriggan Enchanter)          Turns: 474, Time: 00:01:09

Health: -11/36     AC:  2    Str:  9    XL:     5   Next: 19%
Magic:  1/13       EV: 22    Int: 17    God:    Dithmenos [***...]
Gold:   0          SH:  0    Dex: 17    Spells: 1/13 levels left

rFire    . . .     SeeInvis +   a - +1 dagger (venom)
rCold    . . .     Gourm    .   (shield restricted)
rNeg     . . .     Faith    .   b - +0 robe
rPois    .         Spirit   .   (helmet restricted)
rElec    .         Reflect  .   (no cloak)
rCorr    .         Harm     .   (gloves unavailable)
MR       .....     NoTele   +   (boots unavailable)
Stlth    ..........             (no amulet)
Regen    0.2/turn               (no ring)
MPRegen  0.2/turn               (no ring)

@: berserking, wreathed by umbra, very quick
A: unfitting armour, see invisible, herbivore 3, speed 3, slow metabolism 2
a: Shadow Step, Renounce Religion


You were in the Dungeon.
You worshipped Dithmenos.
Dithmenos was most pleased with you.
You were not hungry.

You visited 1 branch

Inventory:

Hand Weapons
 a - a +1 dagger of venom (weapon)
Armour
 b - a +0 robe (worn)
Scrolls
 j - a scroll of blinking
 l - 3 scrolls of remove curse
 m - 5 scrolls of amnesia
 n - a scroll of summoning
Potions
 e - 6 potions of curing
 f - 5 potions of heal wounds
 g - a potion of haste
 h - 3 potions of magic
 i - 2 potions of berserk rage
 k - 2 potions of invisibility
Books
 c - a book of Maledictions

   Spells                             Type                      Level
   a - Corona                         Hexes                        1
   b - Ensorcelled Hibernation        Hexes/Ice                    2
   c - Confuse                        Hexes                        3
   d - Tukima's Dance                 Hexes                        3
   e - Dazzling Spray                 Conjuration/Hexes            3
Comestibles
 d - 8 bread rations
 o - 40 fruits


   Skills:
 + Level 0.1 Fighting
 + Level 2.9 Short Blades
 + Level 6.4 Dodging
 + Level 11.0 Stealth
 + Level 4.9 Spellcasting
 + Level 7.6 Hexes
 + Level 0.1 Ice Magic


You had one spell level left.
You knew the following spells:

 Your Spells              Type           Power        Failure   Level  Hunger
a - Corona                Hex            ####...      1%          1    None
b - Ensorcelled Hibernat  Hex/Ice        ###...       4%          2    #......
c - Confuse               Hex            ####....     1%          3    ###....
d - Tukima's Dance        Hex            ####....     1%          3    ###....
e - Dazzling Spray        Conj/Hex       ###...       9%          3    ###....


Dungeon Overview and Level Annotations

Branches:
Dungeon (1/1)

Altars:
Ashenzari
Cheibriados
Dithmenos
Elyvilon
Fedhas
Gozag
Hepliaklqana
Kikubaaqudgha
Makhleb
Nemelex Xobeh
Okawaru
Qazlal
Ru
Sif Muna
Trog
Uskayaw
Vehumet
Wu Jian
Xom
Yredelemnul
Zin
The Shining One
Beogh
Jiyva
Lugonu


Innate Abilities, Weirdness & Mutations

You are very small and have problems with some larger weapons.
You are too small for most types of armour.
You have supernaturally acute eyesight. (SInv)
You are a herbivore.
You cover ground extremely quickly.
You need consume almost no food.


Message History

You hit the deep elf mage.
The deep elf mage is moderately wounded.
The deep elf mage barely misses you.
A red film seems to cover your vision as you go berserk!
You feel yourself moving faster!
You feel mighty!
The deep elf mage casts a spell.
The deep elf mage conjures a globe of magical energy!
A battlesphere comes into view.
You hit the deep elf mage.
The deep elf mage is moderately wounded.
You completely miss the deep elf mage.
The deep elf mage is heavily wounded.
The deep elf mage points at you and mumbles some strange words.
The orb of energy hits you!
Ouch! That really hurt!
* * * LOW HITPOINT WARNING * * *
You emit a cloud of dark smoke.
The orb of energy explodes!
A barrage of energy appears from out of your range of vision.
The barrage of energy hits you!
You die...

#.........÷.'.....
#+#####'#####.....
#.#.....#..##.....
#.#.....#))#####+#
#.###'###))##.....
#*#†..).#))##.....
#§#.....#[[##.....
#§####'##'###...<.
#@#).......##.....
#e#†.......##.....
#g###########.....
#gg.....# ######
#go###g.#


#oog ##.## ... ..# You could see a deep elf mage and a gnoll shaman.

Vanquished Creatures
  A floating eye (D)
  A worker ant (D)
  A gnoll (D)
  An adder (D)
  2 ufetubi (D)
  An ooze (D)
  A giant cockroach (D)
  A hobgoblin (D)
  A quokka (D)
  A frilled lizard (D)
11 creatures vanquished.

Notes
Turn   | Place    | Note
-------+----------+-------------------------------------------
     0 | D        | poirepourri the Spriggan Enchanter began the quest for the Orb.
     0 | D        | Reached XP level 1. HP: 9/9 MP: 5/5
    15 | D        | Reached skill level 6 in Stealth
    15 | D        | Reached XP level 2. HP: 13/13 MP: 7/7
    51 | D        | Found a bloodstained altar of Trog.
    51 | D        | Found a deep blue altar of Sif Muna.
    51 | D        | Found a viscous altar of Jiyva.
    51 | D        | Found a hazy altar of Hepliaklqana.
    51 | D        | Found an opulent altar of Gozag.
    52 | D        | Found a glowing golden altar of the Shining One.
    52 | D        | Found a glowing silver altar of Zin.
    52 | D        | Found a basalt altar of Yredelemnul.
    52 | D        | Found a shimmering altar of Xom.
    52 | D        | Found an ornate altar of the Wu Jian Council.
    52 | D        | Found a sacrificial altar of Ru.
    52 | D        | Found a stormy altar of Qazlal.
    52 | D        | Found an iron altar of Okawaru.
    52 | D        | Found a sparkling altar of Nemelex Xobeh.
    52 | D        | Found a burning altar of Makhleb.
    52 | D        | Found a blossoming altar of Fedhas.
    52 | D        | Found a white marble altar of Elyvilon.
    52 | D        | Found a shadowy altar of Dithmenos.
    52 | D        | Found a snail-covered altar of Cheibriados.
    55 | D        | Found a corrupted altar of Lugonu.
    55 | D        | Found a radiant altar of Vehumet.
    55 | D        | Found a roughly hewn altar of Beogh.
    56 | D        | Found an ancient bone altar of Kikubaaqudgha.
    56 | D        | Found a hide-covered altar of Uskayaw.
    56 | D        | Found a shattered altar of Ashenzari.
    64 | D        | Became a worshipper of Dithmenos the Shadowed
   207 | D        | Learned a level 2 spell: Ensorcelled Hibernation
   213 | D        | Reached * piety under Dithmenos
   213 | D        | Reached skill level 5 in Hexes
   215 | D        | Reached skill level 7 in Stealth
   215 | D        | Reached XP level 3. HP: 16/16 MP: 9/9
   292 | D        | Learned a level 3 spell: Confuse
   296 | D        | Learned a level 3 spell: Tukima's Dance
   300 | D        | Noticed a floating eye
   304 | D        | Killed a floating eye
   304 | D        | Reached skill level 10 in Stealth
   304 | D        | Reached XP level 4. HP: 21/21 MP: 9/11
   304 | D        | Reached XP level 5. HP: 24/24 MP: 10/13
   305 | D        | Reached ** piety under Dithmenos
   434 | D        | Learned a level 3 spell: Dazzling Spray
   448 | D        | Noticed a deep elf mage
   465 | D        | Reached *** piety under Dithmenos
   465 | D        | Reached skill level 11 in Stealth
   474 | D        | Killed from afar by a battlesphere

Vault maps used:
D:        pitsprint

Skill      XL: |  1  2  3  4  5 |
---------------+----------------+-----
Stealth        | 6 7 10 11 | 11.0
Spellcasting   | 3 4 |  4.9
Hexes          | 4 5 7 |  7.6
Dodging        | 4 6 |  6.4
Short Blades   | 2 |  2.9
Fighting       | |  0.1
Ice Magic      | |  0.1

Action                   |  1- 3 |  4- 6 || total
-------------------------+-------+-------++-------
Melee: Dagger            |    16 |    12 ||    28
 Cast: Ensorcelled Hiber |       |     9 ||     9
       Confuse           |       |     3 ||     3
  Use: Potion            |       |     3 ||     3
 Stab: Sleeping          |     4 |     3 ||     7
       Confused          |       |     2 ||     2
Armor: Robe              |     4 |       ||     4
Dodge: Dodged            |     8 |     8 ||    16
